 Dungeon Crawl Stone Soup version 0.22.1-1-ga44c0e56f4 (webtiles) character file.

3804 Drachen the Destroyer (level 9, -1/55 HPs)
             Began as a Red Draconian Conjurer on Sept 20, 2018.
             Was a Believer of Ru.
             Slain by a thrashing horror (10 damage)
             ... on level 2 of the Abyss.
             The game lasted 00:46:05 (10990 turns).

Drachen the Destroyer (Red Draconian Conjurer)     Turns: 10990, Time: 00:46:05

Health: -1/55      AC:  7    Str: 10    XL:     9   Next: 96%
Magic:  18/21      EV: 17    Int: 16    God:    Ru [**....]
Gold:   418        SH:  0    Dex: 16    Spells: 6/24 levels left

rFire    + + .     SeeInvis .   w - +1 dagger (drain)
rCold    + . .     Gourm    .   (no shield)
rNeg     . . .     Faith    .   (armour unavailable)
rPois    +         Spirit   .   (helmet restricted)
rElec    +         Reflect  +   (no cloak)
rCorr    +         Harm     .   (no gloves)
MR       .....                  (no boots)
Stlth    +++.......             q - +3 amulet of reflection
HPRegen  0.18/turn              k - ring of stealth
MPRegen  0.17/turn              (no ring)

@: confused, agile, resistant
A: breathe fire, unfitting armour, dopey 1, fire resistance 1, frail 1, weak 1,
wild magic 1, cold-blooded, inability to use devices, AC +7
a: Breathe Fire, Renounce Religion


You were on level 2 of the Abyss.
You worshipped Ru.
Ru was pleased with you.
You were not hungry.

You visited 1 branch of the dungeon, and saw 8 of its levels.
You visited the Abyss 1 time.

You collected 418 gold pieces.

Inventory:

Hand Weapons
 a - a +0 club
 e - a +0 dagger
 r - a +0 dagger of protection
 w - a +1 dagger of draining (weapon)
Missiles
 t - 3 tomahawks (quivered)
 y - 5 tomahawks of returning
Jewellery
 k - a ring of stealth (left hand)
 q - a +3 amulet of reflection (around neck)
Scrolls
 c - 4 scrolls of immolation
 d - a scroll of fear {unknown}
 i - 2 scrolls of remove curse
 j - a scroll of teleportation
 l - 10 scrolls of identify
 o - 3 scrolls of amnesia
 p - 3 scrolls of magic mapping
 s - a scroll of enchant armour
 x - a scroll of fog {unknown}
 C - a scroll of enchant weapon
 E - a scroll of random uselessness {unknown}
Potions
 f - 2 potions of might
 h - a potion of brilliance
Comestibles
 b - 13 rations


   Skills:
 - Level 2.0 Short Blades
 - Level 1.7 Dodging
 - Level 1.7 Stealth
 + Level 8.3 Spellcasting
 + Level 9.7 Conjurations
 - Level 6.0 Hexes


You had 6 spell levels left.
You knew the following spells:

 Your Spells              Type           Power        Failure   Level  Hunger
a - Magic Dart            Conj           ####         1%          1    None
b - Searing Ray           Conj           #####.       1%          2    None
c - Dazzling Spray        Conj/Hex       #####.       2%          3    #......
d - Iskenderun's Mystic   Conj           #####...     3%          4    ###....
e - Fulminant Prism       Conj/Hex       #####.....   7%          4    ###....
f - Force Lance           Conj/Tloc      ####....     21%         4    ###....

Your spell library contained the following spells:

 Spells                   Type           Power        Failure   Level  Hunger


Dungeon Overview and Level Annotations

Branches:
Dungeon (8/15)             Temple (0/1) D:6
   Lair: D:8-11

Altars:
Cheibriados
Hepliaklqana
Nemelex Xobeh
Qazlal
Ru
Xom

Shops:
D:4 [[

Annotations:
D:8 Psyche


Innate Abilities, Weirdness & Mutations

You can breathe blasts of fire.
Your fiery red scales are hard. (AC +7)
You cannot fit into any form of body armour.
Your flesh is heat resistant. (rF+)
You are cold-blooded and may be slowed by cold attacks.
You cannot study or use magical devices.
You are dopey. (Int -2)
You are frail. (-10% HP)
You are weak. (Str -2)
Your spells are a little harder to cast, but a little more powerful.


Message History

You are confused.
Your magical contamination has completely faded away.
The golden eye blinks at you.
You are more confused.
Your fulminant prism crackles loudly.
The golden eye blinks at you.
You are more confused.
Your fulminant prism explodes!
The blast of energy engulfs the golden eye.
You kill the golden eye!
The blast of energy engulfs you!
You hear a roar!
A thrashing horror comes into view.
You're too confused!
Okay, then.
The thrashing horror tramples you!
* * * LOW HITPOINT WARNING * * *
You hold your ground!
The thrashing horror misses you.
You're too confused to cast spells.
You bump into the rock wall.
The thrashing horror tramples you!
You die...

## . . ##.. #
##.##.. ## .# ...
.# .# #.?
##..####.#.. #.
.#..#.# ##.#
##...# #. .G.
#X#....#
#.#.#.##@#.##....
#.#.....###. .#.
#.###.### ## G
...# #######


You could see a thrashing horror.

Vanquished Creatures
  2 hippogriffs (D:7)
  A shadow (D:8)
  A spriggan (D:7)
  5 golden eyes (Abyss:2)
  2 ice beasts
  An eye of draining (Abyss:2)
  An orc warrior (D:7)
  An ogre (D:5)
  A necrophage (D:8)
  3 centaurs
  3 bullfrogs
  A big kobold (D:6)
  A wyvern zombie (D:6)
  2 scorpions
  5 wights (D:7)
  A howler monkey (D:6)
  2 crimson imps
  A jelly (D:7)
  A hound (D:4)
  3 orc priests
  2 orc wizards
  3 bullfrog skeletons
  A gnoll shaman (D:4)
  2 iguanas
  9 worker ants
  A hound zombie (D:8)
  A hound skeleton (D:6)
  12 adders
  8 gnolls
  4 shadow imps
  An ooze (D:2)
  An adder zombie (D:6)
  An adder skeleton (D:7)
  A worm (D:2)
  2 dart slugs
  5 leopard geckos
  25 orcs
  6 giant cockroaches
  8 goblins
  5 hobgoblins
  10 jackals
  15 kobolds
  7 quokkas
  A ball python (D:4)
  3 bats (D:2)
  10 frilled lizards
  A leopard gecko skeleton (D:4)
  A quokka zombie (D:5)
  9 rats
193 creatures vanquished.

Vanquished Creatures (others)
  13 fulminant prisms
  6 starspawn tentacles (Abyss:2)
19 creatures vanquished.

Grand Total: 212 creatures vanquished

Notes
Turn   | Place    | Note
-------+----------+-------------------------------------------
     0 | D:1      | Drachen the Draconian Conjurer began the quest for the Orb.
     0 | D:1      | Reached XP level 1. HP: 14/14 MP: 3/3
   386 | D:1      | Reached XP level 2. HP: 15/20 MP: 0/5
   552 | D:1      | Learned a level 2 spell: Searing Ray
  1597 | D:2      | Reached XP level 3. HP: 26/26 MP: 0/7
  1668 | D:2      | Learned a level 3 spell: Dazzling Spray
  2244 | D:2      | Reached XP level 4. HP: 33/33 MP: 5/8
  2276 | D:2      | Reached skill level 1 in Hexes
  2464 | D:2      | Found a stormy altar of Qazlal.
  2464 | D:2      | Found a snail-covered altar of Cheibriados.
  2893 | D:3      | Reached skill level 5 in Conjurations
  3020 | D:3      | Reached XP level 5. HP: 31/38 MP: 1/10
  3304 | D:3      | Learned a level 4 spell: Iskenderun's Mystic Blast
  3744 | D:4      | Reached skill level 1 in Short Blades
  3922 | D:4      | Reached XP level 6. HP: 37/45 MP: 2/11
  3938 | D:3      | Gained mutation: You are dopey. (Int -2) [potion of
                  | mutation]
  3938 | D:3      | Gained mutation: You are weak. (Str -2) [potion of
                  | mutation]
  3938 | D:3      | Gained mutation: You are frail. (-10% HP) [potion of
                  | mutation]
  3938 | D:3      | Gained mutation: Your spells are a little harder to cast,
                  | but a little more powerful. [potion of mutation]
  4196 | D:4      | Found Fiprughe's Armour Shoppe.
  4736 | D:4      | Found Nebidwest's Armour Shoppe.
  4770 | D:5      | Entered Level 5 of the Dungeon
  5272 | D:5      | Your scales start taking on a fiery red colour.
  5272 | D:5      | Reached XP level 7. HP: 18/45 MP: 0/13
  5272 | D:5      | Gained mutation: Your flesh is heat resistant. (rF+) [Red
                  | Draconian growth]
  5931 | D:5      | Learned a level 4 spell: Fulminant Prism
  6005 | D:5      | Reached skill level 6 in Conjurations
  6362 | D:5      | Found a sacrificial altar of Ru.
  6370 | D:5      | Became a worshipper of Ru the Awakened
  6728 | D:6      | Reached skill level 5 in Spellcasting
  7005 | D:6      | Reached XP level 8. HP: 40/51 MP: 1/15
  7417 | D:6      | Reached skill level 7 in Conjurations
  7866 | D:6      | Found a hazy altar of Hepliaklqana.
  7867 | D:6      | Found a shimmering altar of Xom.
  7868 | D:6      | Noticed a spectral ugly thing
  7917 | D:6      | Found a staircase to the Ecumenical Temple.
  8483 | D:7      | Noticed a hippogriff
  8491 | D:7      | Killed a hippogriff
  8760 | D:7      | Reached skill level 8 in Conjurations
  8828 | D:7      | Reached skill level 5 in Hexes
  8828 | D:7      | Reached XP level 9. HP: 55/55 MP: 3/19
  8830 | D:7      | Gained mutation: You cannot study or use magical devices.
                  | [Ru sacrifice]
  8830 | D:7      | Reached * piety under Ru
  8830 | D:7      | Reached ** piety under Ru
  9813 | D:8      | Found a sparkling altar of Nemelex Xobeh.
  9982 | D:8      | Noticed a kobold demonologist
 10044 | D:8      | Reached skill level 9 in Conjurations
 10271 | D:8      | Noticed a catoblepas
 10497 | D:8      | Noticed Psyche
 10511 | D:8      | Cast into level 2 of the Abyss (Psyche)
 10519 | Abyss:2  | Learned a level 4 spell: Force Lance
 10528 | Abyss:2  | Noticed a tentacled starspawn
 10572 | Abyss:2  | Noticed a large abomination
 10740 | Abyss:2  | Noticed a sixfirhy
 10743 | Abyss:2  | Noticed a worldbinder
 10785 | Abyss:2  | Noticed a spiny frog
 10786 | Abyss:2  | Noticed a soul eater
 10894 | Abyss:2  | Noticed a smoke demon
 10895 | Abyss:2  | Noticed a tentacled starspawn
 10988 | Abyss:2  | Noticed a thrashing horror
 10990 | Abyss:2  | Slain by a thrashing horror

Skill      XL: |  1  2  3  4  5  6  7  8  9 |
---------------+----------------------------+-----
Spellcasting   | 3 4 5 6 8 |  8.3
Hexes          | 1 2 3 4 5 6 |  6.0
Conjurations   | 5 6 8 9 |  9.7
Short Blades   | 1 2 |  2.0
Dodging        | |  1.7
Stealth        | |  1.7

Action                   |  1- 3 |  4- 6 |  7- 9 || total
-------------------------+-------+-------+-------++-------
Melee: Club              |    19 |       |       ||    19
       Tailslap          |     4 |    26 |    19 ||    49
       Unarmed           |     1 |       |       ||     1
       Dagger            |    44 |   309 |   220 ||   573
Throw: Tomahawk          |       |     2 |     1 ||     3
 Cast: Magic Dart        |    61 |   136 |   200 ||   397
       Searing Ray       |     2 |     2 |     5 ||     9
       Dazzling Spray    |     2 |     9 |    11 ||    22
       Iskenderun's Myst |       |     5 |    28 ||    33
       Fulminant Prism   |       |       |    13 ||    13
Invok: Sacrifice Artific |       |       |     1 ||     1
 Abil: Breathe Fire      |       |       |     2 ||     2
  Use: Potion            |       |     4 |     9 ||    13
       Scroll            |       |       |    16 ||    16
 Stab: Sleeping          |     1 |     6 |     7 ||    14
  Eat: Ration            |     1 |     1 |     5 ||     7
       Chunk             |     2 |     7 |    10 ||    19
Armor: Skin              |    30 |   112 |   100 ||   242
Dodge: Dodged            |    78 |   183 |   184 ||   445
Block: Other             |       |    25 |    29 ||    54
       Reflection        |       |       |     2 ||     2
